 Dungeon Crawl Stone Soup version 0.28-a0-1152-g9c71ebef14 (webtiles) character file.

Game seed: 9400699554901447574

31 fragbeetle the Grasshopper (level 3, -2/28 HPs)
             Began as a Palentonga Warper on Dec 15, 2021.
             Slain by an adder (3 damage)
             ... on level 2 of the Dungeon.
             The game lasted 00:03:56 (1732 turns).

fragbeetle the Grasshopper (Palentonga Warper)      Turns: 1732, Time: 00:03:58

Health: -2/28      AC:  4    Str: 14    XL:     3   Next: 7%
Magic:  5/6        EV:  9    Int: 15    God:
Gold:   49         SH:  0    Dex:  9    Spells: 4/6 levels left

rFire   . . .      SeeInvis +   a - +0 hand axe
rCold   . . .      Faith    .   (no shield)
rNeg    . . .      Spirit   .   b - +0 leather armour
rPois   .          Reflect  .   (no helmet)
rElec   .          Harm     .   (no cloak)
rCorr   .          Rampage  .   (no gloves)
Will    .....                   (no barding)
Stlth   +.........              (no amulet)
HPRegen 0.09/turn               (no ring)
MPRegen 0.10/turn               (no ring)

@: no status effects
A: large, rugged brown scales 3, see invisible, deformed body, roll 1, armoured
tail
a: Rolling Charge


You were on level 2 of the Dungeon.
You visited 1 branch of the dungeon, and saw 2 of its levels.

You collected 49 gold pieces.

Inventory:

Hand Weapons
 a - a +0 hand axe (weapon)
Missiles
 d - 5 boomerangs of dispersal (quivered)
 e - 33 stones
Armour
 b - a +0 leather armour (worn)
Scrolls
 c - a scroll of blinking
 g - a scroll of identify {unknown}
Potions
 f - a potion of haste {unknown}
 h - 2 potions of degeneration {unknown}
 i - a potion of brilliance {unknown}


   Skills:
 * Level 2.2 Fighting
 + Level 2.3 Axes
 - Level 0.6 Throwing
 + Level 0.9 Armour
 + Level 1.5 Dodging
 + Level 2.2 Spellcasting
 * Level 3.7 Translocations


You had 4 spell levels left.
You knew the following spells:

 Your Spells              Type           Power      Damage    Failure   Level
a - Blink                 Tloc           24%        N/A       9%          2

Your spell library contained the following spells:

 Spells                   Type           Power      Damage    Failure   Level
 Apportation              Tloc           24%        N/A       6%          1
 Gell's Gravitas          Tloc           12%        N/A       17%         3
 Lesser Beckoning         Tloc           12%        N/A       17%         3
 Teleport Other           Tloc           12%        N/A       17%         3
 Animate Skeleton         Necr           2%         N/A       26%         1
 Summon Small Mammal      Summ           4%         N/A       26%         1
 Manifold Assault         Tloc           12%        N/A       85%         5
 Blade Hands              Tmut           0%         N/A       100%        5
 Irradiate                Conj/Tmut      0%         3d13      100%        5
 Dragon Form              Tmut           0%         N/A       100%        7


Dungeon Overview and Level Annotations

Branches:
Dungeon (2/15)

Altars:


Innate Abilities, Weirdness & Mutations

You are completely covered in rugged brown scales. (AC +3, +7% HP)
You have supernaturally acute eyesight. (SInv)
Armour fits poorly on your strangely shaped body.
You can roll at nearby foes to attack.
You have a long armoured tail.


Message History

The ball python hisses angrily.
You feel sick. The adder closely misses you.
You feel sick.
You feel sick.
You hit the adder but do no damage.
The adder is lightly wounded.
You feel sick. The adder bites you. The adder closely misses you.
You hit the adder.
The adder is lightly wounded.
You feel stable enough to blink again.
You feel sick. The adder bites you.
* * * LOW HITPOINT WARNING * * *
The adder bites you but does no damage.
You hit the adder.
The adder is heavily wounded.
You feel sick.
You are no longer poisoned.
The adder bites you.
* * * LOW HITPOINT WARNING * * *
You closely miss the adder.
The adder is heavily wounded.
The adder closely misses you. The adder bites you.
* * * LOW HITPOINT WARNING * * *
You are poisoned.
The adder poisons you!
You barely miss the adder.
The adder is heavily wounded.
* * * LOW HITPOINT WARNING * * *
You feel sick. The adder bites you but does no damage.
You barely miss the adder.
The adder is heavily wounded.
* * * LOW HITPOINT WARNING * * *
You feel sick. The adder bites you but does no damage.
You closely miss the adder.
The adder is heavily wounded.
* * * LOW HITPOINT WARNING * * *
You feel sick.
You are no longer poisoned.
The adder barely misses you. The adder bites you.
You die...

###...##########.##
##†### #......†##
####...####.###....##
....................#
####...........>....# #
#....###.........#### ##
###..#......SSg.gS...
.#####..#.###.##S#####..
........#.# #.##@# .
.######.#.# #....##
........#.# ###...
.#####..#.# #..##
........#.# #..#
.#####..#.# #..# .#
#....#####..# .#
##....).....# .#
#########.##


You could see an adder, a hobgoblin and 2 ball pythons.

Vanquished Creatures
  2 ball pythons
  2 bats (D:2)
  4 endoplasms
  2 giant cockroaches
  3 goblins
  2 hobgoblins (D:1)
  3 jackals (D:1)
  2 quokkas (D:1)
  A frilled lizard (D:2)
  3 kobolds (D:1)
  2 rats (D:1)
26 creatures vanquished.

Notes
Turn   | Place    | Note
-------+----------+-------------------------------------------
     0 | D:1      | fragbeetle the Palentonga Warper began the quest for the
                  | Orb.
     0 | D:1      | Reached XP level 1. HP: 17/17 MP: 3/3
   353 | D:1      | Reached XP level 2. HP: 20/23 MP: 5/5
   732 | D:1      | Learned a level 2 spell: Blink
   808 | D:1      | Found a faded altar of an unknown god.
  1530 | D:2      | Reached XP level 3. HP: 28/28 MP: 6/6
  1732 | D:2      | HP: 1/28 [poisoned by an adder]
  1732 | D:2      | Slain by an adder

Illustrated notes

Levels and vault maps discovered:
D:1:      psy_arrival_heroes, layout_loops_ring,
          shapermc_ecumenical_altar_ellora
D:2:      minmay_recursive_quarters, layout_loops_ring, minmay_puff,
          uniq_natasha

Action                   || total
-------------------------++-------
Melee: Hand axe          ||   105
       Tailslap          ||     7
 Cast: Blink             ||     1
Armor: Leather armour    ||    44
Dodge: Dodged            ||    53

Table legend: (Time is in decaauts)
 A = Elapsed time spent in this place.
 B = Non-inter-level travel time spent in this place.
 C = Inter-level travel time spent in this place.
 D = Time resting spent in this place.
 E = Time spent auto-exploring this place.
 F = Levels seen in this place.
 G = Mean time per level.
                   A        B        C        D        E       F      G
               +--------+--------+--------+--------+--------+-----+--------+
         Total |   1751 |   1686 |     65 |    355 |    860 |   2 |  875.5 |
       Dungeon |   1751 |   1686 |     65 |    355 |    860 |   2 |  875.5 |
               +--------+--------+--------+--------+--------+-----+--------+

Top non-repeatable levels by time:
     D:1: 1424 daAuts
     D:2: 327 daAuts
